 Dungeon Crawl Stone Soup version 0.24.0-13-gcf9b319 (webtiles) character file.

Game seed: 841830049915337386, levelgen mode: deterministic

782 Aeroq the Conjurer (level 7, -16/50 HPs)
             Began as a Green Draconian Conjurer on Dec 27, 2019.
             Demolished by Dowan
             ... wielding a +2 dagger of electrocution
              (20 damage)
             ... on level 5 of the Dungeon.
             The game lasted 00:10:47 (7600 turns).

Aeroq the Conjurer (Green Draconian Conjurer)       Turns: 7600, Time: 00:10:48

Health: -16/50     AC:  7    Str: 10    XL:     7   Next: 55%
Magic:  0/13       EV: 17    Int: 17    God:
Gold:   243        SH:  0    Dex: 12    Spells: 9/14 levels left

rFire    . . .     SeeInvis .   m - +2 whip (elec)
rCold    . . .     Gourm    .   (no shield)
rNeg     . . .     Faith    .   (armour unavailable)
rPois    +         Spirit   .   (helmet restricted)
rElec    .         Reflect  .   q - +0 cloak
rCorr    .         Harm     .   (no gloves)
MR       .....                  (no boots)
Stlth    ++........             d - amulet of rage
HPRegen  0.16/turn              l - +3 ring of evasion
MPRegen  0.13/turn              (no ring)

@: no status effects
A: breathe noxious fumes, unfitting armour, poison resistance, cold-blooded, AC
+6
a: Breathe Noxious Fumes, Evoke Berserk Rage


You were on level 5 of the Dungeon.
You were not hungry.

You visited 1 branch of the dungeon, and saw 5 of its levels.

You collected 243 gold pieces.

Inventory:

Hand Weapons
 m - a +2 whip of electrocution (weapon)
Missiles
 g - 186 stones (quivered)
 i - 36 sling bullets
 u - 2 boomerangs
Armour
 q - a +0 cloak (worn)
Jewellery
 d - an amulet of rage (around neck)
 l - a +3 ring of evasion (left hand)
Scrolls
 a - 5 scrolls of remove curse {unknown}
 b - 2 scrolls of fear {unknown}
 c - 2 scrolls of teleportation {unknown}
 e - 2 scrolls of blinking {unknown}
 h - 2 scrolls of amnesia {unknown}
 k - a scroll of random uselessness {unknown}
 n - a scroll of immolation {unknown}
 o - a scroll of magic mapping {unknown}
 p - a scroll of fog {unknown}
Potions
 f - a potion of curing
 r - 2 potions of invisibility {unknown}
 s - a potion of flight {unknown}
Comestibles
 j - 4 rations
 t - a chunk of flesh


   Skills:
 + Level 4.1 Dodging
 - Level 1.7 Stealth
 + Level 4.2 Spellcasting
 * Level 7.2 Conjurations


You had 9 spell levels left.
You knew the following spells:

 Your Spells              Type           Power        Failure   Level  Hunger
a - Magic Dart            Conj           ####         1%          1    None
b - Searing Ray           Conj           ####..       1%          2    ##.....
c - Blink                 Tloc           N/A          24%         2    ##.....

Your spell library contained the following spells:

 Spells                   Type           Power        Failure   Level  Hunger
 Iskenderun's Mystic Bla  Conj           ####....     8%          4    ####...
 Conjure Flame            Conj/Fire      ###.....     11%         3    ###....
 Dazzling Spray           Conj/Hex       ###...       11%         3    ###....
 Mephitic Cloud           Conj/Pois/Air  ##......     17%         3    ###....
 Call Imp                 Summ           #.......     24%         2    ##.....
 Slow                     Hex            #.......     24%         2    ##.....
 Force Lance              Conj/Tloc      ###.....     34%         4    ####...
 Fulminant Prism          Conj/Hex       ###.......   34%         4    ####...


Dungeon Overview and Level Annotations

Branches:
Dungeon (5/15)
 Temple: D:4-7

Altars:

Shops:
D:4 :

Annotations:
D:3 2 runed translucent doors, Merovech's ghost, amateur DsAK
D:5 Dowan; Duvessa


Innate Abilities, Weirdness & Mutations

You can breathe blasts of noxious fumes.
Your lurid green scales are hard. (AC +6)
You cannot fit into any form of body armour.
Your system is resistant to poisons. (rPois)
You are cold-blooded and may be slowed by cold attacks.


Message History

(Press . to maintain the ray.) Duvessa hits you with a +0 rapier!
Dowan misses you.
The searing ray hits Duvessa.
Duvessa is severely wounded.
Duvessa completely misses you. Dowan casts a spell at you.
The puff of flame hits you!
Some of the chunks of flesh in your inventory have rotted away.
The searing ray hits Duvessa!
Duvessa is almost dead.
Duvessa hits you with a +0 rapier.
* * * LOW HITPOINT WARNING * * *
Dowan gestures at you while chanting. The puff of frost hits you!
* * * LOW HITPOINT WARNING * * *
Duvessa misses you.
It was a potion of curing.
You feel better. Duvessa hits you with a +0 rapier!
* * * LOW HITPOINT WARNING * * *
Dowan hits you but does no damage.
You are electrocuted!!
You die...

....#####....#
#e.........#
#e.........##
#).#.........
####.>##........
#.............##
#.###..####...# #e#
#..# ..# #@# #..# ##
##e# #..# ##...##..#
#.....#..###########
#................>..
#.....#..###.#######
##...#.............#
#####.............)
#.#.#########.#


You could see Duvessa and Dowan.

Vanquished Creatures
  2 ogres
  A water moccasin skeleton (D:4)
  2 orc priests
  A hound (D:3)
  4 orc wizards
  A bullfrog skeleton (D:4)
  An iguana (D:4)
  2 worker ants (D:4)
  A hound skeleton (D:4)
  3 gnolls (D:2)
  10 adders
  An ooze (D:3)
  6 worms
  4 dart slugs
  19 orcs
  4 giant cockroaches
  6 hobgoblins
  7 jackals
  4 kobolds
  3 ball pythons
  A ball python skeleton (D:4)
  9 bats
  3 frilled lizards
  9 goblins
  A leopard gecko skeleton (D:4)
  6 rats
111 creatures vanquished.

Notes
Turn   | Place    | Note
-------+----------+-------------------------------------------
     0 | D:1      | Aeroq the Draconian Conjurer began the quest for the Orb.
     0 | D:1      | Reached XP level 1. HP: 14/14 MP: 3/3
   399 | D:1      | Reached XP level 2. HP: 19/20 MP: 5/5
  1310 | D:1      | Reached XP level 3. HP: 26/26 MP: 6/6
  1773 | D:2      | Learned a level 2 spell: Searing Ray
  2599 | D:2      | Reached XP level 4. HP: 33/33 MP: 1/7
  3146 | D:2      | Reached skill level 5 in Conjurations
  4273 | D:3      | Reached XP level 5. HP: 25/38 MP: 3/9
  4346 | D:3      | Found a runed translucent door.
  4351 | D:3      | Noticed Merovech's ghost (amateur DsAK)
  5277 | D:3      | Found a runed translucent door.
  5501 | D:4      | Reached skill level 6 in Conjurations
  5501 | D:4      | Reached XP level 6. HP: 22/45 MP: 6/11
  6391 | D:4      | Your scales start taking on a lurid green colour.
  6391 | D:4      | Reached XP level 7. HP: 50/50 MP: 2/12
  6391 | D:4      | Gained mutation: Your system is resistant to poisons.
                  | (rPois) [Green Draconian growth]
  6723 | D:4      | Found Panovyhu's Book Shoppe.
  6870 | D:4      | Learned a level 2 spell: Blink
  7355 | D:5      | Entered Level 5 of the Dungeon
  7359 | D:5      | Reached skill level 7 in Conjurations
  7575 | D:5      | Noticed Dowan
  7577 | D:5      | Noticed Duvessa
  7600 | D:5      | Demolished by Dowan

Levels and vault maps discovered:
D:1:      dpeg_arrival_rhombus, layout_loops_ring
D:2:      layout_loops_ring
D:3:      layout_rooms, ebering_ghost_sewer_f
D:4:      layout_layer_cave, serial_shops, nicolae_shop_statue_plus
D:5:      layout_loops_ring, nicolae_gozag_zags_fifth_avenue,
          nicolae_overflow_crystal_walls, minmay_temple_entry_waves,
          serial_glass, glass_columns_b, glass_columns_a, first_ration,
          corexii_checkpoint_a, elyvilon_altar_4, uniq_duvessa

Skill      XL: |  1  2  3  4  5  6  7 |
---------------+----------------------+-----
Dodging        | 2 3 4 |  4.1
Conjurations   | 5 6 7 |  7.2
Spellcasting   | 3 4 |  4.2
Stealth        | |  1.7

Action                   |  1- 3 |  4- 6 |  7- 9 || total
-------------------------+-------+-------+-------++-------
Melee: Dagger            |   102 |    18 |       ||   120
       Tailslap          |     9 |    11 |     2 ||    22
       Unarmed           |     1 |       |       ||     1
       Whip              |       |   101 |     6 ||   107
 Cast: Magic Dart        |    19 |    48 |     3 ||    70
       Searing Ray       |     3 |    15 |    10 ||    28
  Use: Scroll            |     2 |     3 |       ||     5
       Potion            |       |     1 |     1 ||     2
 Stab: Sleeping          |     1 |     1 |     1 ||     3
  Eat: Chunk             |     2 |     6 |     4 ||    12
       Ration            |     1 |     2 |       ||     3
Armor: Skin              |    28 |    62 |     7 ||    97
Dodge: Dodged            |    75 |   149 |    22 ||   246
